AoeStats
← Scelerat

Marketplace

504714167Analyzed
1v1 RM · 25d ago on Sep 6, 2026· 34m 5s· 2 players
Game mode
Random Map
Map size
Tiny (2 player)
Population
200
Speed
Normal
Resources
Standard
Victory
Conquest
Starting age
Dark Age
Ending age
Imperial Age
RankedLock teamsTeams togetherTeam positionsShared explorationLock speedFull tech treeHidden civsTurbo modeCheats
Victory
Defeat
🇪🇸 Franks · Spain
726
+14
🇫🇷 Japanese · France
690
-14
Scelerat
12:10 Feudal Age
13:41 Man-at-Arms
14:33 Arson
22:41 Castle Age
22:28 Fletching
22:39 Padded Archer Armor
22:28 Horse Collar
22:37 Double-Bit Axe
25:53 Bodkin Arrow
27:26 Long Swordsman
28:31 Scale Mail Armor
32:01 Gambesons
32:17 Squires
32:37 Pikeman
CAZURREITHOR
1:01 Loom
11:18 Feudal Age
11:44 Double-Bit Axe
12:36 Wheelbarrow
13:26 Gold Mining
15:58 Man-at-Arms
19:57 Scale Mail Armor
22:35 Forging
22:19 Fletching
26:10 Castle Age
24:24 Stone Mining
27:03 Scale Barding Armor
26:59 Padded Archer Armor
27:12 Husbandry
27:30 Long Swordsman
27:56 Gambesons
28:45 Hand Cart
29:52 Caravan
30:07 Bow Saw
30:58 Iron Casting
32:38 Chain Barding Armor
Connection lost

Rejoining the realm…

Still unreachable

The connection could not be restored.

Session expired

The server has moved on; the page needs a fresh start.